[Event "*** Titled Tuesday Blitz"]
[Site "Chess.com"]
[Date "2021.03.30"]
[Round "11"]
[White "GMHess"]
[Black "Kretov_Evgenij"]
[Result "0-1"]
[WhiteElo "2736"]
[BlackElo "2585"]
[TimeControl "180+1"]
[EndTime "12:08:47 PDT"]
[Termination "Kretov_Evgenij won on time"]

1. b3 c5 2. Bb2 b6 3. a4 Nc6 4. g3 Bb7 5. Bg2 Nf6 6. e3 e6 7. Ne2 Be7 8. O-O O-O 9. d4 cxd4 10. Nxd4 Rc8 11. c4 a6 12. Nc3 Qc7 13. Rc1 Qb8 14. e4 Rfd8 15. Nxc6 Bxc6 16. Qe2 d6 17. f4 Nd7 18. g4 Nc5 19. Qc2 b5 20. axb5 axb5 21. cxb5 Bxb5 22. Nxb5 Qxb5 23. Rf3 Rb8 24. Bf1 Qb4 25. Bc4 d5 26. exd5 exd5 27. Bd3 g6 28. f5 Nxd3 29. Qxd3 Qxg4+ 30. Rg3 Qe4 31. Qf1 Rdc8 32.
Rg2 Rxc1 33. Bxc1 Bc5+ 34. Kh1 Rxb3 35. Qe2 Qxe2 36. Rxe2 Rb1 37. Re8+ Kg7 38. Re1 Kg8 39. Re8+ Bf8 40. Rc8 f6 41. Kg2 Kf7 42. Rc7+ Ke8 43.
Be3 Be7 44. Bd4 Rd1 45. Be3 d4 46. Bf2 d3 47. Kg3 Bd6+ 0-1

[Event "*** Titled Tuesday Blitz"]
[Site "Chess.com"]
[Date "2021.03.30"]
[Round "11"]
[White "volunteers1998"]
[Black "PowerThinking2650"]
[Result "1/2-1/2"]
[WhiteElo "2214"]
[BlackElo "2421"]
[TimeControl "180+1"]
[EndTime "12:08:47 PDT"]
[Termination "Game drawn by agreement"]

1. e4 e5 2. Nc3 Nf6 3. Bc4 Nc6 4. d3 Na5 5. Bb3 Nxb3 6. axb3 Bc5 7. f4 d6 8. Nf3 a6 9. Qe2 Ng4 10. Rf1 c6 11. h3 Nf6 12. fxe5 dxe5 13. Nxe5 Be6 14. Be3 Bxe3 15. Qxe3 O-O 16. O-O-O Re8 17. Nf3 b5 18. Kb1 a5 19. Ng5 a4 20. Nxe6 Rxe6 21. bxa4 b4 22. Ne2 Rxa4 23. Rf5 Qa8 24. Kc1 Ra1+ 25. Kd2 Nd5 26.
Rxa1 Qxa1 27. Qc5 Ne7 28. Qxb4 g6 29. Qa5 Qxb2 30. Rf2 Qe5 31. Qxe5 Rxe5 32. Ng3 c5 33. c3 Kg7 34. d4 cxd4 35. cxd4 Ra5 36. Ne2 Ra3 37.
Rf3 Ra2+ 38. Kd3 Nc6 39. g4 Rxe2 40. Kxe2 Nxd4+ 41. Ke3 Nxf3 42. Kxf3 Kf6 43. h4 Ke5 44. Ke3 f6 45. Kf3 h6 46. h5 gxh5 47. gxh5 f5 48. exf5 Kxf5 49. Kg3 Kg5 50. Kh3 Kxh5 51. Kg3 Kg5 52. Kh3 h5 53. Kg3 h4+ 54. Kh3 Kh5 1/2-1/2

[Event "*** Titled Tuesday Blitz"]
[Site "Chess.com"]
[Date "2021.03.30"]
[Round "11"]
[White "VladaSviridova"]
[Black "canary2016"]
[Result "1-0"]
[WhiteElo "2232"]
[BlackElo "2029"]
[TimeControl "180+1"]
[EndTime "12:08:47 PDT"]
[Termination "VladaSviridova won by checkmate"]

1. d4 d5 2. c4 c6 3. Nf3 Nf6 4. Nc3 e6 5. e3 Nbd7 6. Qc2 Bd6 7. Bd3 dxc4 8. Bxc4 b5 9. Be2 O-O 10. O-O Bb7 11. e4 e5 12. dxe5 Nxe5 13. Nh4 g6 14.
Rd1 Qc7 15. h3 Bc5 16. a3 Qb6 17. Bf1 Rad8 18. Bg5 Rxd1 19. Rxd1 Nfd7 20. b4 Bd4 21. Ne2 Bxf2+ 22. Kh1 Bxh4 23. Bxh4 c5 24. bxc5 Nxc5 25. Bf2 Nc4 26. Nc3 Qc6 27. Nd5 Kg7 28. Bxc4 bxc4 29. Qxc4 Ne6 30. Qb4 Qc2 31. Rd2 Qc1+ 32. Kh2 Bxd5 33.
exd5 Qc7+ 34. d6 Qd7 35. Bg3 Rd8 36. Rd5 Rc8 37. Rb5 a6 38. Rb7 Qd8 39. d7 Rc6 40. Qd2 Rc5 41. Rb8 Qf6 42. d8=Q Nxd8 43. Rxd8 Rf5 44.
Rd6 Qe7 45. Qd4+ Kg8 46. Rd8+ Qf8 47. Rxf8+ Kxf8 48. Be5 f6 49. Qd8+ Kf7 50. Qd7+ Kf8 51. Bd6+ Kg8 52. a4 Rf2 53. Qe8+ Kg7 54. Qf8# 1-0

[Event "*** Titled Tuesday Blitz"]
[Site "Chess.com"]
[Date "2021.03.30"]
[Round "11"]
[White "mishanick"]
[Black "AlexOstrovskiy"]
[Result "1-0"]
[WhiteElo "2947"]
[BlackElo "2747"]
[TimeControl "180+1"]
[EndTime "12:08:49 PDT"]
[Termination "mishanick won by resignation"]

1. c4 c6 2. e4 d5 3. exd5 cxd5 4. d4 Nf6 5. Nc3 g6 6. cxd5 Nxd5 7. Bc4 Nb6 8. Bb3 Bg7 9. Nf3 O-O 10. O-O Nc6 11. Bg5 Bg4 12. h3 Bxf3 13. Qxf3 Nxd4 14. Qxb7 Qc8 15. Qxe7 Nxb3 16. axb3 Re8 17. Qb4 Qf5 18. Qf4 Qxf4 19. Bxf4 Nd7 20. Be3 Reb8 21. Rfd1 Rb7 22. b4 h5 23. b5 Ne5 24. Ra4 Nd7 25.
Rd6 Bf8 26. Rd5 Nb6 27. Bxb6 Rxb6 28. Rd7 Bg7 29. Raxa7 Rxa7 30. Rxa7 Bxc3 31. bxc3 Rxb5 32. Ra1 h4 33. Rc1 Rc5 34. c4 Kg7 35. Kf1 Kf6 36.
Ke2 Ke5 37. Kd3 f5 38. Kc3 Rc8 39. Re1+ Kf4 40. Re2 g5 41. Rd2 g4 42. Rd4+ Kg5 43. f4+ gxf3 44. gxf3 Ra8 45. f4+ Kf6 46. Rd3 Re8 47.
c5 Re1 48. Kc4 Rc1+ 49. Kd5 Rf1 50. c6 Ke7 51. Ke5 Rc1 52. Rd7+ Ke8 53. Rd6 Rc5+ 54.
Kf6 Rc3 55. Ke6 Re3+ 56. Kxf5 Rxh3 57. c7 1-0

[Event "*** Titled Tuesday Blitz"]
[Site "Chess.com"]
[Date "2021.03.30"]
[Round "11"]
[White "AEMEffi"]
[Black "slowdgehammer"]
[Result "0-1"]
[WhiteElo "2257"]
[BlackElo "2367"]
[TimeControl "180+1"]
[EndTime "12:08:49 PDT"]
[Termination "slowdgehammer won on time"]

1. d4 Nf6 2. c4 e6 3. g3 d5 4. Nf3 dxc4 5. Bg2 a6 6. a4 Nbd7 7. Qc2 Rb8 8. Qxc4 b5 9. Qc2 Bb7 10. O-O Be7 11. Bf4 Nd5 12. e4 Nxf4 13. gxf4 Nf6 14. Nbd2 O-O 15. axb5 axb5 16. Ra7 Nh5 17. f5 Nf4 18. Nb3 Nxg2 19. Kxg2 exf5 20. exf5 Bd6 21. Rd1 Bd5 22. Qd3 Re8 23. Nc5 Qh4 24. h3 Rbd8 25.
Nb7 Qf4 26. Nxd6 Rxd6 27. Rxc7 Rf6 28. Re1 Rd8 29. Re5 g6 30. Qe3 Rxf5 31. Rxf5 Qxf5 32.
Kg3 Bxf3 33. Qxf3 Qxf3+ 34. Kxf3 Rxd4 35. Rc5 Rb4 36. Rc2 Kg7 37. Kg3 Kf6 38. f3 h5 39.
h4 Kf5 40. Re2 f6 41. Rd2 Rb3 0-1

[Event "*** Titled Tuesday Blitz"]
[Site "Chess.com"]
[Date "2021.03.30"]
[Round "11"]
[White "FGHSMN"]
[Black "bsnsun"]
[Result "1-0"]
[WhiteElo "2648"]
[BlackElo "2473"]
[TimeControl "180+1"]
[EndTime "12:08:50 PDT"]
[Termination "FGHSMN won by resignation"]

1. e4 d6 2. d4 g6 3. Nc3 Bg7 4. f4 a6 5. Nf3 b5 6. Bd3 Nd7 7. e5 Bb7 8. e6 fxe6 9. Ng5 Nf8 10. Qe2 Qd7 11. Be3 Nf6 12. O-O-O h6 13. Nge4 O-O-O 14. Nxf6 exf6 15. Be4 Bxe4 16. Nxe4 f5 17. Nc3 Nh7 18. Qf3 d5 19. g4 Nf6 20. gxf5 gxf5 21.
Rhg1 Ne4 22. Nxe4 fxe4 23. Qh3 Rhg8 24. Kb1 Kb7 25. Rg6 Rge8 26. Rdg1 Bf8 27. Rf6 Bg7 28. Rfg6 Bf8 29. Rg8 Qf7 30. R8g6 Bd6 31. Rxh6 Rg8 32. Rf1 Rde8 33. a3 Rg7 34. f5 exf5 35. Rxf5 Qg8 36. Qh5 Rg2 37. Rf7 Kc6 38. Qf5 Qg4 39. Rxd6+ cxd6 40. Qh7 Rc8 41. Ra7 Qg7 42. Rxg7 1-0

[Event "*** Titled Tuesday Blitz"]
[Site "Chess.com"]
[Date "2021.03.30"]
[Round "11"]
[White "Lyschko"]
[Black "chessmachine14"]
[Result "1/2-1/2"]
[WhiteElo "2249"]
[BlackElo "2309"]
[TimeControl "180+1"]
[EndTime "12:08:50 PDT"]
[Termination "Game drawn by repetition"]

1. c4 e5 2. Nc3 Nf6 3. Nf3 Nc6 4. e3 Be7 5. d4 exd4 6. Nxd4 O-O 7.
Nxc6 dxc6 8. Qxd8 Rxd8 9. Be2 Be6 10. O-O Nd7 11. b3 Bf6 12. Bb2 a5 13. Rfd1 Nc5 14. f3 a4 15. Nxa4 Nxa4 16. Bxf6 Rxd1+ 17. Rxd1 gxf6 18. bxa4 Rxa4 19. Rd2 Ra5 20. e4 b5 21. Rc2 b4 22.
Kf2 Kf8 23. Ke3 Ke7 24. f4 Kd6 25. Kd4 c5+ 26. Ke3 Ra3+ 27. Kd2 Bd7 28. Bd3 Ba4 29.
Rb2 Rc3 30. g3 h6 31. h3 Bc6 32. Rc2 Ra3 33. Rb2 Bb7 34. Kc2 Ba6 35. Kd2 Rc3 36.
Rc2 Ra3 37. Ke2 h5 38. Kd2 Bc8 39. h4 Be6 40. Rb2 Rc3 41. Rc2 Ra3 42. Rb2 Kc6 43.
Rc2 Kd6 1/2-1/2

[Event "*** Titled Tuesday Blitz"]
[Site "Chess.com"]
[Date "2021.03.30"]
[Round "11"]
[White "zurzan"]
[Black "ErikRonka"]
[Result "0-1"]
[WhiteElo "2006"]
[BlackElo "2408"]
[TimeControl "180+1"]
[EndTime "12:08:53 PDT"]
[Termination "ErikRonka won on time"]

1. f4 d5 2. Nf3 Nf6 3. g3 g6 4.
Bg2 Bg7 5. O-O O-O 6. d3 c5 7. c3 Nc6 8. Qc2 d4 9. h3 Nd5 10. a4 b6 11. Bd2 Bb7 12. Na3 Rc8 13. Nc4 Qc7 14. Rac1 Rfd8 15. e4 dxe3 16. Nxe3 Nxe3 17. Bxe3 Ba6 18. Rfd1 e5 19. fxe5 Nxe5 20. Nxe5 Bxe5 21. Bf2 Bxg3 22. d4 Bf4 23. Rb1 Bb7 24. d5 Bh2+ 25.
Kh1 Bg3 26. c4 Re8 27. Rf1 Be5 28. Rbe1 Rcd8 29. b3 Rd7 30. Bg1 Rde7 31. Re2 Bc8 32. Rfe1 Qd6 33. Qd2 Bf4 34. Qd3 Rxe2 35. Rxe2 Rxe2 36.
Qxe2 Be5 37. Bf2 Bf5 38. Kg1 Kg7 39. Kf1 Bf6 40. Qf3 Qe5 41. Be3 Bd3+ 42. Kf2 Bc2 43. Bd2 Qd4+ 44. Kf1 Bd3+ 45. Ke1 Be5 46. Qe3 Qa1+ 47.
Kf2 Bd4 0-1

[Event "*** Titled Tuesday Blitz"]
[Site "Chess.com"]
[Date "2021.03.30"]
[Round "11"]
[White "I_Enchev"]
[Black "vinniethepooh"]
[Result "1-0"]
[WhiteElo "2557"]
[BlackElo "2661"]
[TimeControl "180+1"]
[EndTime "12:08:54 PDT"]
[Termination "I_Enchev won by checkmate"]

1. d4 Nf6 2. c4 e6 3. Nc3 Bb4 4.
Qc2 d6 5. Nf3 O-O 6. Bd2 b6 7. g3 Bb7 8. Bg2 c5 9. dxc5 dxc5 10.
O-O Nbd7 11. Rad1 Qe7 12. a3 Ba5 13. Nh4 Bxg2 14. Nxg2 Ne5 15. b3 Rfd8 16. Bc1 Nc6 17. e3 Bxc3 18. Qxc3 Rxd1 19. Rxd1 Rd8 20. Qc2 Rd6 21. Bb2 e5 22. Nh4 g6 23. Nf3 Qd8 24. Rxd6 Qxd6 25. Nd2 h5 26. f3 Qd7 27. Kg2 h4 28. g4 Nh7 29. Ne4 f5 30. Nf2 Ng5 31. h3 Qb7 32. Qd1 Ne7 33. Bxe5 Kf7 34. Bf4 Ne6 35.
Qd6 Qc6 36. Qe5 Nxf4+ 37. Qxf4 Qd7 38. e4 Qd4 39. gxf5 Nxf5 40. Qc7+ Ne7 41. Ng4 Qd2+ 42. Nf2 Qe3 43. b4 Qxa3 44. b5 Ke6 45. e5 Qe3 46. Qd6+ Kf7 47. Qf6+ Ke8 48. e6 Nc8 49. Qf7+ Kd8 50. Qd7# 1-0

[Event "*** Titled Tuesday Blitz"]
[Site "Chess.com"]
[Date "2021.03.30"]
[Round "11"]
[White "Zkid"]
[Black "FairChess_on_YouTube"]
[Result "0-1"]
[WhiteElo "2854"]
[BlackElo "3002"]
[TimeControl "180+1"]
[EndTime "12:08:55 PDT"]
[Termination "FairChess_on_YouTube won by resignation"]

1. e4 e6 2. d4 d5 3. Nc3 Bb4 4.
Ne2 Ne7 5. a3 Ba5 6. b4 Bb6 7.
Bb2 O-O 8. Qd2 a5 9. b5 a4 10.
e5 Nd7 11. h4 Ba5 12. h5 c5 13. f4 Nf5 14. g4 Nxd4 15. Nxd4 cxd4 16. Qxd4 Qb6 17. O-O-O Qxd4 18. Rxd4 Nb6 19. Kb1 Bd7 20. Nxa4 Nxa4 21. Rxa4 Bd2 22. Rd4 Be3 23. Rb4 Bd2 24.
Rd4 Be3 25. Rb4 Bc5 26. Rb3 Ra4 27. Be2 Rxf4 28. Rf1 Re4 29. Bf3 Ra4 30. g5 Rfa8 31. Rd1 Bxa3 32. Bxa3 Rxa3 33. Rxa3 Rxa3 34. Bxd5 exd5 35.
Rxd5 Be8 36. Rd8 Kf8 37. c4 Ra4 38. Rc8 Ke7 39. Kb2 Kd7 40. Rc5 b6 41. Rd5+ Kc7 42. Kb3 Ra8 43. h6 gxh6 44. gxh6 Rd8 45. Rxd8 Kxd8 46.
Kb4 Ke7 47. c5 bxc5+ 48. Kxc5 Bxb5 49. Kxb5 Ke6 50. Kc6 Kxe5 51. Kd7 f5 52. Ke7 f4 53. Kf7 f3 54. Kg7 f2 55. Kxh7 f1=Q 56. Kg8 Ke6 0-1

[Event "*** Titled Tuesday Blitz"]
[Site "Chess.com"]
[Date "2021.03.30"]
[Round "11"]
[White "ChessQueen"]
[Black "scarabee43"]
[Result "1/2-1/2"]
[WhiteElo "2705"]
[BlackElo "2599"]
[TimeControl "180+1"]
[EndTime "12:08:55 PDT"]
[Termination "Game drawn by repetition"]

1. Nf3 Nf6 2. g3 e6 3. Bg2 b6 4. O-O Bb7 5. c4 Be7 6. b3 O-O 7. Bb2 c5 8. e3 d5 9. Qe2 Nc6 10. Ne1 Qd7 11. f4 Rfd8 12. d3 a6 13. Nd2 b5 14. Rd1 dxc4 15. dxc4 Qc7 16. Nc2 Rab8 17. g4 Na5 18. g5 Nd7 19. Bxb7 Rxb7 20. Bc3 bxc4 21.
bxc4 Nc6 22. Ne4 Nb4 23. Na1 Qc6 24. Ng3 Qa4 25. Rd2 Bf8 26. Rfd1 Rdb8 27. h4 Nb6 28. h5 Nc6 29. h6 Qxc4 30. hxg7 Bxg7 31. Bxg7 Qxe2 32. Rxe2 Kxg7 33. Nb3 Rd7 34. Rc1 c4 35. Nc5 Re7 36. Nh5+ Kg6 37. Nf6 Nd5 38. Nfd7 Rb4 39. Nxa6 Rxd7 40. Nxb4 Ncxb4 41. Rxc4 Ra7 42. Kf2 Nxa2 43. Kf3 h6 44. gxh6 Kxh6 45. Rc8 Kg7 46. Rc4 Nab4 47. e4 Ra3+ 48. Kg4 Nf6+ 49. Kh4 Nd3 50.
e5 Nd5 51. Rg2+ Kf8 52. Rc8+ Ke7 53. Rgg8 N3xf4 54. Rge8+ Kd7 55. Red8+ Ke7 56. Re8+ Kd7 57. Red8+ Ke7 58. Re8+ 1/2-1/2

[Event "*** Titled Tuesday Blitz"]
[Site "Chess.com"]
[Date "2021.03.30"]
[Round "11"]
[White "Susik_Gaboyan"]
[Black "dpruess"]
[Result "0-1"]
[WhiteElo "2248"]
[BlackElo "2356"]
[TimeControl "180+1"]
[EndTime "12:08:55 PDT"]
[Termination "dpruess won on time"]

1. e4 c5 2. Nc3 a6 3. f4 b5 4. Nf3 Bb7 5. d3 e6 6. g3 d5 7. e5 d4 8. Ne4 Nh6 9. Bg2 Nf5 10. O-O Nd7 11. Nfg5 Qb6 12. Qh5 g6 13. Qf3 h6 14. Nh3 Be7 15. Nhf2 Rc8 16. Ng4 c4 17.
Nef6+ Nxf6 18. Nxf6+ Bxf6 19. Qxb7 Qxb7 20. Bxb7 Rb8 21.
Bxa6 Rb6 22. Bxb5+ Rxb5 23. exf6 cxd3 24. cxd3 Kd7 25.
b3 Rc8 26. Bb2 Kd6 27. Rfc1 Ra8 28. g4 Ne3 29. Bxd4 Nxg4 30. h3 Kd5 31. Rc4 e5 32.
fxe5 Nxe5 33. Bxe5 Kxe5 34. Re1+ Kxf6 35. Re2 Rd5 36. Rf2+ Kg7 37. Rc7 Rf8 38. Rf3 g5 39. a4 Kg6 40. b4 f5 41. b5 Ra8 42. Rc4 f4 43. b6 Rda5 44. b7 Rb8 45. Rc6+ Kf5 46.
Rf2 Rxb7 47. Rfc2 Rd7 0-1

[Event "*** Titled Tuesday Blitz"]
[Site "Chess.com"]
[Date "2021.03.30"]
[Round "11"]
[White "thechesscorner64"]
[Black "BeyondMadness"]
[Result "0-1"]
[WhiteElo "2321"]
[BlackElo "2275"]
[TimeControl "180+1"]
[EndTime "12:08:55 PDT"]
[Termination "BeyondMadness won on time"]

1. e4 g6 2. d4 Bg7 3. Nc3 d6 4. g3 Nc6 5. d5 Ne5 6. Bg2 Nf6 7. f3 O-O 8. Nge2 c5 9. a4 b6 10. Bg5 Ba6 11. O-O h6 12. Be3 Nc4 13. Bc1 e6 14. b3 Ne5 15. Bb2 exd5 16. exd5 Re8 17. Re1 h5 18. Nf4 Qd7 19. Rb1 Nh7 20. Ne4 f5 21. Nf2 Nf8 22. c4 Rad8 23. N2d3 Bc8 24. Qd2 Qf7 25.
Nh3 Nxd3 26. Rxe8 Rxe8 27. Bxg7 Qxg7 28. Qxd3 f4 29. Rf1 Bf5 30. Qd2 fxg3 31. hxg3 Qe5 32. Nf4 Qe3+ 33. Qxe3 Rxe3 34. a5 Rxb3 35. axb6 axb6 36.
Re1 Rb1 37. Rxb1 Bxb1 38. Bh3 Kg7 39. Kf2 Ba2 40. Bf1 Kf6 41. Ke3 Nd7 42. Ne6 Ne5 43.
f4 Nxc4+ 44. Bxc4 Bxc4 45. Nc7 b5 46. Kd2 b4 0-1

[Event "*** Titled Tuesday Blitz"]
[Site "Chess.com"]
[Date "2021.03.30"]
[Round "11"]
[White "OlifantCZ"]
[Black "esteban062000"]
[Result "1/2-1/2"]
[WhiteElo "2273"]
[BlackElo "2165"]
[TimeControl "180+1"]
[EndTime "12:08:58 PDT"]
[Termination "Game drawn by repetition"]

1. c4 Nf6 2. g3 g6 3. Bg2 Bg7 4. Nc3 O-O 5. e4 d6 6. Nge2 c5 7. O-O Nc6 8. d3 Bg4 9. f3 Be6 10. h3 a6 11. f4 Rb8 12. a4 Nb4 13. f5 Bd7 14. g4 b5 15. axb5 axb5 16. cxb5 Bxb5 17.
Nxb5 Rxb5 18. Nc3 Rb8 19. Bf4 Nd7 20. Qd2 Ne5 21. Bxe5 Bxe5 22. h4 Qb6 23. Kh1 Nc6 24. Ra2 e6 25. f6 Qd8 26. g5 Nb4 27. Ra7 d5 28. exd5 exd5 29. h5 Nc6 30. hxg6 Nxa7 31. gxh7+ Kh8 32. Qe3 Bd4 33. Qh3 Bxf6 34. gxf6 Qd7 35.
Qh6 Qg4 36. Bh3 Qg6 37. Qf4 Rxb2 38. Nxd5 Qxh7 39. Rf3 Rb1+ 40. Kh2 Rg8 41. Rf2 Rb4 42. Nxb4 cxb4 43. d4 Nc6 44. d5 Nd8 45. Qe5 b3 46. Qd4 Qg6 47. Rf3 Qc2+ 48. Rf2 Qg6 49. Rf3 Qc2+ 50.
Rf2 Qg6 1/2-1/2

[Event "*** Titled Tuesday Blitz"]
[Site "Chess.com"]
[Date "2021.03.30"]
[Round "11"]
[White "exoticprincess"]
[Black "wonderfultime"]
[Result "0-1"]
[WhiteElo "2864"]
[BlackElo "2998"]
[TimeControl "180+1"]
[EndTime "12:08:59 PDT"]
[Termination "wonderfultime won on time"]

1. d4 Nf6 2. Nc3 Nc6 3. Bf4 d6 4. Nf3 Bg4 5. d5 Nb8 6. e4 Nbd7 7. Be2 g6 8. O-O Bg7 9. Re1 O-O 10. a4 c6 11. a5 a6 12. h3 Bxf3 13. Bxf3 Qc7 14.
Qd2 Rfe8 15. Be2 Rac8 16. Bf1 cxd5 17. exd5 Nh5 18. Bg5 Ne5 19. Ra4 Nf6 20. Be3 Ned7 21. Rea1 Nc5 22. Rb4 Ncd7 23. Ra3 Nc5 24. Rc4 Qb8 25. Rb4 Qc7 26. Qd1 Nfd7 27. Bd4 Nf6 28. Rc4 Qb8 29. b4 Ncd7 30. Rxc8 Rxc8 31. Na4 Ne8 32. c4 Ne5 33. Nb6 Rd8 34. Re3 Bf6 35. c5 Ng7 36. Qa1 Nf5 37. Bxe5 Bxe5 38. Rxe5 dxe5 39.
c6 Nd4 40. Qc3 bxc6 41. dxc6 Qc7 42. Bxa6 Qxc6 43. Qe3 Qd6 44. b5 Nf5 45. Qe1 Qc5 0-1

[Event "*** Titled Tuesday Blitz"]
[Site "Chess.com"]
[Date "2021.03.30"]
[Round "11"]
[White "WPWPWP-2015"]
[Black "iamnotIM"]
[Result "1-0"]
[WhiteElo "2493"]
[BlackElo "2587"]
[TimeControl "180+1"]
[EndTime "12:08:59 PDT"]
[Termination "WPWPWP-2015 won by resignation"]

1. e4 c5 2. Nc3 a6 3. g3 b5 4. Bg2 Bb7 5. Nh3 h5 6. O-O h4 7. g4 e6 8. d3 Nc6 9. a4 b4 10.
Ne2 Nd4 11. Be3 Nxe2+ 12. Qxe2 Rc8 13. f4 d5 14. Rad1 Ne7 15. f5 d4 16. Bf4 Qb6 17. a5 Qc6 18. fxe6 fxe6 19. Ng5 h3 20. Bxh3 Ng6 21. Bg3 Bd6 22. Bg2 Bxg3 23. hxg3 Ne5 24.
Rf4 Ke7 25. b3 Rcf8 26. Rdf1 Qe8 27. Qf2 Nxg4 28. Rxf8 Rxf8 29. Qxf8+ Qxf8 30. Rxf8 Kxf8 31.
Nxe6+ Ke7 32. Nxc5 Bc8 33. Bh3 Kd6 34. Bxg4 Bxg4 35.
Nxa6 Bd1 36. Nxb4 Kc5 37. a6 Kb6 38. Kf2 g5 39. Ke1 Bg4 40. Kd2 Be6 41. c3 dxc3+ 42. Kxc3 Bc8 43. d4 Kb5 44. d5 Kb6 45. Kc4 g4 46. e5 Bd7 47. e6 Bc8 48. Kd4 Kc7 49. Kc5 Kb8 50. Kb6 Ka8 51. Nd3 Kb8 52. Nc5 Bb7 53.
Nxb7 1-0

[Event "*** Titled Tuesday Blitz"]
[Site "Chess.com"]
[Date "2021.03.30"]
[Round "11"]
[White "Ave_Mariia"]
[Black "Limelight2727"]
[Result "1-0"]
[WhiteElo "2488"]
[BlackElo "2367"]
[TimeControl "180+1"]
[EndTime "12:08:59 PDT"]
[Termination "Ave_Mariia won by checkmate"]

1. d4 Nf6 2. c4 e6 3. g3 d5 4. Nf3 dxc4 5. Bg2 Bd7 6. Ne5 Bc6 7. Nxc6 Nxc6 8. e3 h5 9. Nc3 h4 10. O-O Bd6 11. Qa4 Qd7 12. Qxc4 e5 13. Rd1 exd4 14.
exd4 O-O-O 15. Bg5 hxg3 16. hxg3 Rh5 17. Bxf6 gxf6 18.
Ne4 Be7 19. Nc5 Bxc5 20. dxc5 Qxd1+ 21. Rxd1 Rxd1+ 22. Bf1 Re5 23. Qg4+ Rd7 24. b4 Nd4 25. Qg8+ Rd8 26. Qxf7 Nf3+ 27. Kh1 Rh8+ 28. Bh3+ Rxh3+ 29. Kg2 Ng5 30. Qxf6 Rd5 31. Qf8+ Kd7 32. Qg7+ Kc6 33. Qg6+ Kb5 34. Qc2 Rh6 35. Qb3 c6 36. a4+ Ka6 37. Qc4+ b5 38. axb5+ Kb7 39. bxc6+ Kxc6 40. b5+ Kc7 41.
Qxd5 Ne6 42. Qd6+ Kc8 43. b6 axb6 44. cxb6 Kb7 45. f4 Rg6 46. f5 Nf4+ 47. Qxf4 Rxb6 48.
f6 Rb2+ 49. Kh3 Rb1 50. f7 Rh1+ 51. Kg2 Rh8 52. f8=Q Rxf8 53. Qxf8 Kc6 54. Qf5 Kd6 55. Kf3 Kc7 56. Ke4 Kd8 57. Kd5 Ke7 58. Qe6+ Kd8 59. Qf7 Kc8 60. Kc6 Kb8 61. Qb7# 1-0

[Event "*** Titled Tuesday Blitz"]
[Site "Chess.com"]
[Date "2021.03.30"]
[Round "11"]
[White "CM_rui"]
[Black "DFeco"]
[Result "1/2-1/2"]
[WhiteElo "2431"]
[BlackElo "2330"]
[TimeControl "180+1"]
[EndTime "12:08:59 PDT"]
[Termination "Game drawn by repetition"]

1. e4 e5 2. Nf3 Nc6 3. Bb5 g6 4.
O-O Bg7 5. c3 a6 6. Ba4 d6 7. d4 Bd7 8. Re1 Nf6 9. Bg5 O-O 10. Nbd2 h6 11. Bh4 Re8 12. dxe5 Nxe5 13. Nxe5 dxe5 14. Bb3 Be6 15. Qc2 Qe7 16. Rad1 Rad8 17.
Nf3 Bg4 18. Rxd8 Rxd8 19. Nd2 g5 20. Bg3 Nh5 21. Nc4 Nxg3 22. hxg3 Be6 23. Ne3 Bf8 24. Bxe6 Qxe6 25. Nf5 c6 26. Qe2 Qd7 27. Qh5 Qe6 28. Kh2 Rd2 29. Rd1 Qd7 30. Rxd2 Qxd2 31.
Nxh6+ Bxh6 32. Qxh6 Qxf2 33. Qxg5+ Kf8 34. Qxe5 Qxb2 35.
a4 Qc2 36. a5 Qb2 37. Qd6+ Kg7 38. Qd4+ Kg8 39. e5 Qe2 40. Qd8+ Kh7 41. Qh4+ Kg8 42. Qg5+ Kf8 43. Qh6+ Kg8 44. Qg5+ Kf8 45. Qd8+ Kg7 46.
Qf6+ Kf8 47. Qf5 Kg7 48. Qf6+ Kf8 49. Qd8+ Kg7 50. Qg5+ Kf8 1/2-1/2

[Event "*** Titled Tuesday Blitz"]
[Site "Chess.com"]
[Date "2021.03.30"]
[Round "11"]
[White "GregShahade"]
[Black "Twitch_ElhamBlitz05"]
[Result "1-0"]
[WhiteElo "2719"]
[BlackElo "2850"]
[TimeControl "180+1"]
[EndTime "12:09:00 PDT"]
[Termination "GregShahade won by resignation"]

1. e4 c6 2. Nc3 d5 3. Nf3 dxe4 4.
Nxe4 Nf6 5. Qe2 Nxe4 6. Qxe4 Qd5 7. Qf4 Qf5 8. Qe3 Qe6 9. b3 Qxe3+ 10. fxe3 Bf5 11. Bb2 Nd7 12. O-O-O e6 13. Rg1 Nf6 14. h3 Be7 15. g4 Bg6 16. Ne5 Bd6 17. h4 Bxe5 18. Bxe5 O-O 19. d3 Nd5 20. h5 f6 21.
Bd4 Bf7 22. e4 Nf4 23. h6 e5 24. hxg7 Kxg7 25. Bc5 Rg8 26. g5 fxg5 27. Rxg5+ Kf6 28.
Rf5+ Ke6 29. d4 Bg6 30. Bc4+ Kd7 31. dxe5+ Nd5 32. Rf4 b5 33. exd5 bxc4 34. e6+ Kc7 35. d6+ Kb7 36. d7 cxb3 37. axb3 Kc7 38. e7 Bh5 39.
d8=Q+ Raxd8 40. exd8=Q+ Rxd8 41. Rxd8 Kxd8 42. Bxa7 Kd7 43.
Bc5 Bg6 44. b4 Ke6 45. c3 h5 46. Bd4 Bf5 47. Kd2 Bg4 48. Ke3 Kd5 49. Rxg4 hxg4 50. Kf4 c5 51. Bxc5 g3 52. Kxg3 1-0

[Event "*** Titled Tuesday Blitz"]
[Site "Chess.com"]
[Date "2021.03.30"]
[Round "11"]
[White "Chessbard1972"]
[Black "ChronicUnhappiness"]
[Result "0-1"]
[WhiteElo "2241"]
[BlackElo "2354"]
[TimeControl "180+1"]
[EndTime "12:09:00 PDT"]
[Termination "ChronicUnhappiness won on time"]

1. e4 d6 2. d4 g6 3. Nc3 Bg7 4. Be3 c6 5. a4 a5 6. Qd2 Na6 7.
h3 Nf6 8. g3 O-O 9. Bg2 e5 10.
Nge2 Be6 11. O-O Qc8 12. Kh2 h5 13. Rad1 h4 14. g4 Nb4 15. f4 Bxg4 16. hxg4 Nxg4+ 17. Kg1 Nxe3 18. Qxe3 Nxc2 19. Qf3 exd4 20. Rc1 dxc3 21.
Rxc2 cxb2 22. Rb1 Qe6 23. Qd3 Qa2 24. Nc3 Bxc3 25. Rxc3 b5 26. Ra3 Qe6 27. Rxb2 b4 28. Ra1 Qf6 29. Qd2 Rac8 30. Rd1 c5 31. Bh3 Rc6 32. Bg2 Rc7 33. Rb3 c4 34. Rh3 c3 35. Qxd6 c2 36. Qxf6 cxd1=Q+ 37. Kh2 Qd8 38. Qe5 Qe7 39. Qxa5 Qc5 40. Qa6 Qc6 41. Qe2 Qd6 42. Rxh4 Qf6 43. Qg4 Qg7 44. Rh3 Rc2 0-1

[Event "*** Titled Tuesday Blitz"]
[Site "Chess.com"]
[Date "2021.03.30"]
[Round "11"]
[White "GAusal"]
[Black "Grineva_Marianna"]
[Result "0-1"]
[WhiteElo "2065"]
[BlackElo "2249"]
[TimeControl "180+1"]
[EndTime "12:09:00 PDT"]
[Termination "Grineva_Marianna won by checkmate"]

1. d4 d5 2. Bf4 e6 3. e3 Nf6 4. Nf3 Be7 5. Bd3 O-O 6. Nbd2 b6 7. c3 c5 8. Ne5 Nfd7 9. Ndf3 f6 10. Nxd7 Bxd7 11.
O-O Nc6 12. Re1 Qe8 13. Bg3 c4 14. Bc2 f5 15. Ne5 Nxe5 16. Bxe5 Bf6 17. f4 Qg6 18. Rf1 Be8 19. Qe1 Bxe5 20. dxe5 Qh6 21. Rf3 Bh5 22. Rg3 Kh8 23. Ba4 Be8 24. Bc2 Rg8 25. Rg5 g6 26. Qd2 Qf8 27. a3 Rc8 28. Rf1 h6 29. Rg3 Rc7 30. Rh3 Rh7 31. Qe2 Qg7 32. g4 g5 33.
Rg3 Qd7 34. gxf5 exf5 35. Qd2 Rhg7 36. Qd4 gxf4 37. e6 Qxe6 38. exf4 Kh7 39. Rf3 Bh5 40. Rf1 Rxg3+ 41. hxg3 Rxg3+ 42. Kh2 Rg7 43. Rf2 Qg6 44. Qe3 Qg1+ 45. Kh3 Bg4+ 46. Kh4 Qh1+ 47. Kg3 Qh3# 0-1

[Event "*** Titled Tuesday Blitz"]
[Site "Chess.com"]
[Date "2021.03.30"]
[Round "11"]
[White "azikom"]
[Black "Balla_Tamas"]
[Result "1-0"]
[WhiteElo "2692"]
[BlackElo "2534"]
[TimeControl "180+1"]
[EndTime "12:09:03 PDT"]
[Termination "azikom won on time"]

1. d4 e6 2. Nf3 f5 3. c4 Nf6 4.
Bf4 b6 5. e3 Bb7 6. h3 Bb4+ 7.
Nbd2 O-O 8. a3 Bxd2+ 9. Nxd2 d6 10. Nf3 Nbd7 11. Bh2 Qe7 12. Be2 Ne4 13. O-O e5 14. Rc1 f4 15. dxe5 dxe5 16. exf4 exf4 17. Re1 Rad8 18. Qc2 Ne5 19. Nxe5 Rd2 20. Qb3 Qxe5 21. c5+ Kh8 22. c6 Qd4 23. Qf3 Bc8 24. Rc4 Ng5 25. Qh5 Qe5 26. Bxf4 Nxh3+ 27. gxh3 Qf6 28. Qg5 Qf7 29. Re4 Rd5 30. Qg3 Bf5 31. Re5 Rd6 32.
Rxf5 Qxf5 33. Bxd6 cxd6 34. Bg4 Qc5 35. Qg2 h5 36.
Bf3 h4 37. b4 Qc3 38. Rf1 Rxf3 39. b5 Rf5 40. Qg4 Qe5 41. Qxh4+ Rh5 42. Qc4 1-0